 Dungeon Crawl Stone Soup version 0.28.0 (webtiles) character file.

Game seed: 12888759923682152067

1261 browni3141 the Fighter (level 8, -2/74 HPs)
             Began as a Ghoul Delver on Feb 7, 2022.
             Was an Initiate of Gozag.
             Slain by a killer bee (7 damage)
             ... on level 5 of the Dungeon.
             The game lasted 00:12:21 (7596 turns).

browni3141 the Fighter (Ghoul Delver)               Turns: 7596, Time: 00:12:22

Health: -2/74      AC:  8    Str: 18    XL:     8   Next: 52%
Magic:  7/7        EV:  7    Int: 11    God:    Gozag
Gold:   197        SH:  0    Dex: 10    Spells: 7/7 levels left

rFire   . . .      SeeInvis +     - Unarmed
rCold   + . .      Faith    .   (no shield)
rNeg    + + +      Spirit   .   p - +0 chain mail
rPois   ∞          Reflect  .   (no helmet)
rElec   .          Harm     .   (no cloak)
rCorr   .          Rampage  .   (no gloves)
Will    .....                   (no boots)
Stlth   ..........              (no amulet)
HPRegen 0.00/turn               e - ring of see invisible
MPRegen 0.10/turn               o - +6 ring of intelligence

@: gold aura, inhibited regen
A: claws 1, cold resistance 1, negative energy resistance 3, inhibited
regeneration, torment resistance 2
a: Renounce Religion, Potion Petition, Call Merchant, Bribe Branch


You were on level 5 of the Dungeon.
You worshipped Gozag.
Gozag was aware of your devotion.
You visited 1 branch of the dungeon, and saw 6 of its levels.

You collected 241 gold pieces.
You paid 44 gold pieces to Gozag.

Inventory:

Missiles
 t - 12 javelins (quivered)
 u - 5 poisoned darts
Armour
 a - a +0 leather armour
 p - a +0 chain mail (worn)
Jewellery
 e - a ring of see invisible (left claw)
 o - a +6 ring of intelligence (right claw)
Wands
 f - a wand of digging (3)
 k - a wand of iceblast (8)
Scrolls
 b - 4 scrolls of fog
 c - 3 scrolls of magic mapping
 d - 2 scrolls of enchant armour {unknown}
 g - 7 scrolls of identify {unknown}
 h - 2 scrolls of summoning {unknown}
 n - 4 scrolls of immolation {unknown}
 r - a scroll of acquirement {unknown}
 v - a scroll of torment {unknown}
Potions
 i - 2 potions of heal wounds {unknown}
 j - a potion of magic {unknown}
 l - a potion of invisibility {unknown}
 m - a potion of flight {unknown}
 q - a potion of brilliance {unknown}
 s - a potion of lignification {unknown}
 w - a potion of curing {unknown}


   Skills:
 - Level 8.0 Fighting
 - Level 1.7 Dodging
 - Level 5.4 Stealth
 * Level 5.8 Unarmed Combat
 - Level 5.0 Evocations


You had 7 spell levels left.
You didn't know any spells.
Your spell library was empty.

Dungeon Overview and Level Annotations

Branches:
Dungeon (6/15)             Temple (0/1) D:4

Altars:
Ashenzari
Gozag
Hepliaklqana
Wu Jian

Annotations:
D:2 1 runed translucent door, Crazy Yiuf
D:3 exclusion: downstairs
D:5 Dowan, Duvessa


Innate Abilities, Weirdness & Mutations

You thrive by killing the living.
You are immune to poison.
You have sharp fingernails.
Your flesh is cold resistant. (rC+)
You are immune to negative energy. (rN+++)
You do not regenerate when monsters are visible.
You are immune to unholy pain and torment.


Message History

Unknown command.
The killer bee buzzes angrily.
You claw the killer bee! Your claw misses the killer bee.
The killer bee is heavily wounded.
The killer bee stings you but does no damage. x2
Unknown command.
You miss the killer bee.
The killer bee is heavily wounded.
The killer bee barely misses you.
Unknown command.
You claw the killer bee!
You kill the killer bee!
The killer bee is no longer distracted by gold.
The killer bee stings you but does no damage.
Unknown command.
You barely miss the killer bee.
The killer bee is severely wounded.
The killer bee stings you.
* * * LOW HITPOINT WARNING * * *
The killer bee is distracted by your dazzling golden aura.
The killer bee closely misses you.
Unknown command.
You closely miss the killer bee.
The killer bee is severely wounded.
The killer bee buzzes angrily.
The killer bee is no longer distracted by gold.
The killer bee stings you.
* * * LOW HITPOINT WARNING * * *
The killer bee barely misses you.
You scratch the killer bee. Your claw misses the killer bee.
The killer bee is severely wounded.
The killer bee stings you.
* * * LOW HITPOINT WARNING * * *
The killer bee stings you but does no damage.
Unknown command.
You scratch the killer bee.
The killer bee is almost dead.
The killer bee stings you!
You die...
Your body crumbles into a pile of gold.

...............(..#.....#
..................#.....#
..................#.....#
..................#.....#
##..####.####[..### ....
##..####.####...#####'###
.#....#.....'....#......#
.#....#<....#....#.$....#
.#....#.....#...@#.y....#
##....####'####.#yy#....#
###'#####.....###########
#.......#.....#
#.......#.$...#
#.......'.....#
#########.....#
............#
............#


You could see 2 killer bees.

Vanquished Creatures
  An ice beast (D:4)
  A necrophage (D:4)
  2 ogres (D:4)
  Blork the orc (D:4)
  3 scorpions
  A water moccasin skeleton (D:4)
  3 killer bees (D:5)
  A centaur zombie (D:6)
  3 jellies (D:2)
  Ijyb (D:3)
  Natasha (thrice) (D:2)
  Terence (D:3)
  An iguana (D:3)
  2 hound skeletons (D:4)
  7 gnolls
  6 adders
  A white imp (D:6)
  An adder skeleton (D:4)
  2 worms
  A dart slug (D:1)
  9 bats
  12 endoplasms
  A giant cockroach (D:3)
  13 goblins
  11 hobgoblins
  2 quokkas
  4 ball pythons
  6 frilled lizards
  12 kobolds
  6 rats
118 creatures vanquished.

Vanquished Creatures (others)
  4 fungi (D:2)
  8 toadstools (D:2)
12 creatures vanquished.

Grand Total: 130 creatures vanquished

Notes
Turn   | Place    | Note
-------+----------+-------------------------------------------
     0 | D:5      | browni3141 the Ghoul Delver began the quest for the Orb.
     0 | D:5      | Reached XP level 1. HP: 19/19 MP: 0/0
  1195 | D:6      | Reached skill level 4 in Fighting
  1195 | D:6      | Reached XP level 2. HP: 26/28 MP: 1/1
  1195 | D:6      | Reached XP level 3. HP: 32/34 MP: 2/2
  1781 | D:6      | Noticed a kobold brigand
  1817 | D:5      | Noticed a necrophage
  1854 | D:4      | Killed a necrophage
  1855 | D:4      | Reached skill level 5 in Fighting
  1855 | D:4      | Reached XP level 4. HP: 22/42 MP: 3/3
  1855 | D:4      | Reached XP level 5. HP: 25/48 MP: 4/4
  2341 | D:3      | Noticed Terence
  2351 | D:3      | Killed Terence
  2372 | D:3      | Reached skill level 5 in Unarmed Combat
  2900 | D:2      | Reached XP level 6. HP: 56/56 MP: 5/5
  3058 | D:2      | Noticed Natasha
  3066 | D:2      | Killed Natasha
  3101 | D:2      | Noticed Natasha
  3107 | D:2      | Killed Natasha
  3108 | D:2      | Reached skill level 6 in Fighting
  3404 | D:1      | Found a faded altar of an unknown god.
  4239 | D:2      | Reached skill level 1 in Evocations
  4253 | D:2      | Reached XP level 7. HP: 64/64 MP: 6/6
  4535 | D:2      | Noticed Natasha
  4540 | D:2      | Killed Natasha
  4637 | D:2      | Found a runed translucent door.
  4638 | D:2      | Noticed Crazy Yiuf
  4874 | D:3      | Found an ornate altar of the Wu Jian Council.
  4897 | D:3      | Found an opulent altar of Gozag.
  5171 | D:3      | Noticed Ijyb
  5193 | D:3      | Reached skill level 7 in Fighting
  5200 | D:3      | Killed Ijyb
  5659 | D:3      | Became a worshipper of Gozag Ym Sagoz the Greedy
  6165 | D:4      | Found a large runed translucent door.
  6166 | D:4      | Found a large runed translucent door.
  6266 | D:4      | Noticed Blork the orc
  6274 | D:4      | Killed Blork the orc
  6277 | D:4      | Found a staircase to the Ecumenical Temple.
  6378 | D:4      | Reached XP level 8. HP: 36/74 MP: 7/7
  7056 | D:4      | Reached skill level 8 in Fighting
  7068 | D:4      | Found a hazy altar of Hepliaklqana.
  7162 | D:4      | Found a broken altar of Ashenzari.
  7310 | D:5      | Noticed Duvessa
  7310 | D:5      | Noticed Dowan
  7508 | D:5      | Reached skill level 5 in Evocations
  7596 | D:5      | Slain by a killer bee

Illustrated notes

Levels and vault maps discovered:
D:1:      kennysheep_arrival_forest, layout_basic,
          shapermc_ecumenical_altar_pompeii, corexii_hall_statues_deadend,
          minmay_misc_feat_alley
D:2:      cheibrodos_fertilizer, layout_loops_ring, uniq_crazy_yiuf_cottage,
          uniq_natasha
D:3:      kennysheep_the_goblin_king, layout_loops_ring,
          mainiacjoe_overflow_alcove_1, nicolae_gozag_seed_capital, uniq_terence
D:4:      layout_loops_ring, jmf_multi_god_temple2, minmay_temple_entry_statues,
          uniq_blork_the_orc
D:5:      layout_gridville, mainiacjoe_overflow_small_starburst, uniq_eustachio,
          uniq_duvessa, uniq_sigmund
D:6:      layout_gridville, mainiacjoe_overflow_24_doors, serial_shops,
          nicolae_shop_overgrown_old_shop

Skill      XL: |  1  2  3  4  5  6  7  8 |
---------------+-------------------------+-----
Fighting       | 4 5 6 7 8 |  8.0
Unarmed Combat | 4 5 |  5.8
Evocations     | 1 3 5 |  5.0
Dodging        | |  1.7
Stealth        | |  5.4

Action                   |  1- 3 |  4- 6 |  7- 9 || total
-------------------------+-------+-------+-------++-------
Melee: Unarmed           |    51 |   160 |   186 ||   397
       Punch             |     1 |     3 |    10 ||    14
Throw: Javelin           |       |       |     1 ||     1
Evoke: Wand              |       |       |     3 ||     3
  Use: Scroll            |     1 |       |       ||     1
       Potion            |     1 |       |       ||     1
 Stab: Sleeping          |       |    15 |       ||    15
Armor: Leather armour    |    39 |    18 |       ||    57
       Chain mail        |       |    18 |    97 ||   115
Dodge: Dodged            |    72 |    64 |    67 ||   203
